 Dungeon Crawl Stone Soup version 0.30-a0-591-g3c58d2bc28 (webtiles) character file.

Game seed: 6816958331778058845

111 kae the Insei (level 4, 0/48 HPs)
             Began as a Demonspawn Transmuter on Jan 4, 2023.
             Succumbed to a water moccasin's poison
             ... on level 3 of the Dungeon.
             The game lasted 00:01:53 (1579 turns).

kae the Insei (Demonspawn Transmuter)               Turns: 1579, Time: 00:01:54

Health: 0/48       AC: 22    Str: 10    XL:     4   Next: 62%
Magic:  5/7        EV:  2    Int: 16    God:
Gold:   112        SH:  0    Dex: 14    Spells: 2/8 levels left

rFire   . . .      SeeInvis .      - Unarmed
rCold   . . .      Faith    .    (no shield)
rNeg    . . .      Spirit   .    (body armour currently unavailable)
rPois   +          Reflect  .    (helmet currently unavailable)
rElec   .          Harm     .    (cloak currently unavailable)
rCorr   .          Rampage  .    (gloves currently unavailable)
Will    .....      NoTele   +    (boots currently unavailable)
Stlth   +                        (no amulet)
HPRegen 0.28/turn                (no ring)
MPRegen 0.10/turn                (no ring)

@: lethally poisoned (0 -> -7), tree-form, attractive
A: stationary, stasis, torment immunity, boosted hp, (spiny 2)
a: no special abilities


You were on level 3 of the Dungeon.
You were a tree.
You visited 1 branch of the dungeon, and saw 3 of its levels.

You collected 112 gold pieces.


Innate Abilities, Weirdness & Mutations

You are a tree.
Your roots penetrate the ground, keeping you stationary.
You cannot be teleported.
You are immune to unholy pain and torment.
Your maximum health is greatly increased.
Your equipment is partially melded.
((You are mostly covered in sharp spines.))


   Skills:
 - Level 1.0 Fighting
 - Level 1.7 Dodging
 + Level 3.3 Unarmed Combat
 + Level 2.6 Spellcasting
 * Level 3.2 Transmutations
 * Level 1.2 Poison Magic


You had 2 spell levels left.
You knew the following spells:

 Your Spells              Type           Power      Damage    Failure   Level
a - Beastly Appendage     Tmut           24%        N/A       4%          1
b - Wereblood             Tmut           12%        N/A       8%          2
c - Spider Form           Tmut/Pois      9%         N/A       22%         3

Your spell library contained the following spells:

 Spells                   Type           Power      Damage    Failure   Level
 Inner Flame              Hex/Fire       2%         N/A       52%         3
 Ice Form                 Ice/Tmut       7%         N/A       69%         4
 Cause Fear               Hex            1%         N/A       89%         4
 Discord                  Hex            1%         N/A       100%        8

Inventory:

Missiles
 c - 22 stones
 k - 6 datura-tipped darts
Armour
 a - a +1 robe (melded)
Scrolls
 e - a scroll of vulnerability {unknown}
 i - a scroll of amnesia {unknown}
 j - a scroll of enchant armour
 l - a scroll of fog {unknown}
 m - a scroll of fear {unknown}
 n - 3 scrolls of identify {unknown}
Potions
 b - a potion of lignification {!q}
 f - a potion of degeneration {unknown}
 g - 3 potions of curing {unknown}
 h - a potion of flight {unknown}

Dungeon Overview and Level Annotations

Branches:
Dungeon (3/15) Zot: 16425

Altars:
Vehumet
Wu Jian

....... ....... #.#
....... ######## #..
....... #......# ###
.......######.###.## #..
.......#...##.###.# #.#
......S#...##...#.# #.#
.......♣........#.# #.#
..<..........#..#.# #.#
.......#...#.#..#.# #.#
.......#...#....#.# #.#
...........+....#.# #.#
.......#...#.##.#.# #.#
.......#...#.##...####..
.............#....#....#
####.##...##.#


You could see a water moccasin.


Message History

You lost 1 mp, and now have 6/7 mp.
No target in view!
No target in view!
Your transformation is almost over.
Your horns disappear.
Your talons disappear.
Found a stone staircase leading up. 😎 MP[+1]
Your mp is fully restored (7).
A water moccasin comes into view.
The water moccasin hisses angrily.
The water moccasin moves out of view.
Unknown command.
A water moccasin is nearby!
A water moccasin is nearby!
You aren't carrying any items that you can evoke.
Casting: Beastly Appendage (safe; 4% risk of failure)
Confirm with . or Enter, or press ? or * to list all spells.
The spell is quite dangerous to miscast (22% risk of failure)!
Continue anyway? [Y]es or [N]o only, please.
The spell is quite dangerous to miscast (22% risk of failure)!
Continue anyway?
You turn into a venomous arachnid creature.
Your +1 robe melds into your body. 😎 MP[-3]
You lost 3 mp, and now have 4/7 mp.
You barely miss the water moccasin. The water moccasin bites you.
You are poisoned.
The water moccasin poisons you! 😕 HP[-4]
You take 4 damage, and now have 28/32 hp.
You barely miss the water moccasin.
You feel very sick.
The water moccasin completely misses you. 😮 HP[-5]
You take 5 damage, and now have 23/32 hp.
Unknown command.
You barely miss the water moccasin.
You feel very sick. The water moccasin bites you.
The water moccasin misses you. 😮 HP[-6]
You take 6 damage, and now have 17/32 hp.
You hit the water moccasin.
* * * LOW HITPOINT WARNING * * *
You feel very sick.
The water moccasin barely misses you. 😨 HP[-4]
You take 4 damage, and now have 13/32 hp.
Unknown command.
You barely miss the water moccasin.
* * * LOW HITPOINT WARNING * * *
You feel sick.
The water moccasin bites you but does no damage. 😨 HP[-2]
You take 2 damage, and now have 11/32 hp.
Really quaff
b - 2 potions of lignification {!q}?
Really quaff the potion of lignification?
Your transformation has ended.
Your +1 robe unmelds from your body.
You turn into a tree.
Your +1 robe melds into your body.
Your roots penetrate the ground.
You feel sick.
The water moccasin bites you but does no damage. x2 😨 HP[+4]
You now have 48 max hp (+16).
You regained 4 hp, and now have 15/48 hp.
A water moccasin is nearby!
You barely miss the water moccasin.
You feel sick. The water moccasin bites you.
* * * LOW HITPOINT WARNING * * *
You are lethally poisoned!
The water moccasin poisons you! 😱 HP[-3]
You take 3 damage, and now have 12/48 hp.
You smack the water moccasin!
* * * LOW HITPOINT WARNING * * *
You feel very sick.
The water moccasin bites you but does no damage. 😱 HP[-4]
You take 4 damage, and now have 8/48 hp.
You hit the water moccasin but do no damage.
* * * LOW HITPOINT WARNING * * *
You feel sick. The water moccasin bites you.
* * * LOW HITPOINT WARNING * * *
Unknown command. 😱 HP[-2]
You take 2 damage, and now have 6/48 hp.
You hit the water moccasin.
* * * LOW HITPOINT WARNING * * *
You feel very sick.
The water moccasin bites you but does no damage. x2 😱 HP[-3] MP[+1]
You take 3 damage, and now have 3/48 hp.
You barely miss the water moccasin.
* * * LOW HITPOINT WARNING * * *
You feel sick.
The water moccasin bites you but does no damage. 😱 HP[-2]
You take 2 damage, and now have 1/48 hp.
Unknown command.
It was a potion of attraction.
You feel attractive to monsters.
You die...

Skill      XL: |  1  2  3  4 |
---------------+-------------+-----
Transmutations | 2 3 |  3.2
Unarmed Combat | 3 |  3.3
Poison Magic   | 1 |  1.2
Fighting       | |  1.0
Dodging        | |  1.7
Spellcasting   | |  2.6

Action                   |  1- 3 |  4- 6 || total
-------------------------+-------+-------++-------
Melee: Unarmed           |    65 |    37 ||   102
       Kick              |    11 |     4 ||    15
       Headbutt          |     4 |     1 ||     5
       Punch             |       |     1 ||     1
 Cast: Beastly Appendage |    15 |     9 ||    24
       Spider Form       |     1 |     1 ||     2
 Abil: End Transformatio |     1 |       ||     1
  Use: Scroll            |     2 |       ||     2
       Potion            |       |     2 ||     2
Armor: Robe              |    17 |     6 ||    23
       Skin              |       |     7 ||     7
Dodge: Dodged            |    51 |     9 ||    60

Levels and vault maps discovered:
D:1:      onia_arrival_mini_spirals, layout_rooms,
          nicolae_concentric_dashed_squares_mild
D:2:      minmay_skewed_foursquare, layout_basic, basic_altar,
          minmay_fountain_box, minmay_cut_off, uniq_terence
D:3:      layout_basic, fiery_altar_vehumet,
          hellmonk_ecumenical_altar_prayer_group, serial_shops, shop,
          nicolae_shop_trees, shop, corexii_item_surrounded_by_moat

Notes
Turn   | Place    | Note
-------+----------+-------------------------------------------
     0 | D:1      | kae the Demonspawn Transmuter began the quest for the Orb.
     0 | D:1      | Reached XP level 1. HP: 15/15 MP: 3/3
     0 | D:1      | magus.rc [v1.11.3]
   169 | D:1      | Reached skill level 2 in Transmutations
   328 | D:1      | Gained mutation: You are partially covered in sharp spines.
                  | [demonic ancestry]
   328 | D:1      | Reached XP level 2. HP: 20/21 MP: 3/5
   566 | D:1      | Learned a level 2 spell: Wereblood
   580 | D:2      | Found an ornate altar of the Wu Jian Council.
   680 | D:2      | Noticed Terence
   688 | D:2      | Killed Terence
   689 | D:2      | Reached skill level 3 in Unarmed Combat
   689 | D:2      | Gained mutation: You are mostly covered in sharp spines.
                  | [demonic ancestry]
   689 | D:2      | Reached XP level 3. HP: 17/26 MP: 4/6
   693 | D:2      | Learned a level 3 spell: Spider Form
   820 | D:2      | Reached skill level 3 in Transmutations
   826 | D:2      | You pick up a book of Hexes and begin reading...
   826 | D:2      | You add the spells Inner Flame, Cause Fear and Discord to
                  | your library.
   892 | D:2      | Reached XP level 4. HP: 32/32 MP: 7/7
  1151 | D:2      | Reached skill level 1 in Poison Magic
  1467 | D:3      | Found a radiant altar of Vehumet.
  1565 | D:3      | Noticed a water moccasin
  1574 | D:3      | HP: 12/48 [water moccasin (1)]
  1577 | D:3      | HP: 3/48 [poisoned by a water moccasin]
  1578 | D:3      | HP: 1/48 [poisoned by a water moccasin]
  1579 | D:3      | Succumbed to a water moccasin's poison

Vanquished Creatures
  Terence (D:2)
  3 adders (D:2)
  2 worms (D:2)
  3 orcs (D:2)
  6 ball pythons
  2 endoplasms
  3 giant cockroaches (D:2)
  4 goblins
  2 hobgoblins (D:1)
  6 kobolds
  4 quokkas
  7 bats
  3 frilled lizards
  A rat (D:1)
47 creatures vanquished.

Table legend:
 A = Non-vault XP
 B = Vault XP
 C = Vault XP percentage of total XP
 D = Non-vault monster count
 E = Vault monster count
 F = Vault count percentage of total count
                 A         B        C        D         E       F
            +---------+---------+-------+---------+---------+-------
      Total |      99 |      60 |  37.7 |      38 |       9 |  19.1
            +---------+---------+-------+---------+---------+-------
        D:1 |      16 |       0 |   0.0 |      11 |       0 |   0.0
        D:2 |      75 |      60 |  44.4 |      22 |       9 |  29.0
        D:3 |       8 |       0 |   0.0 |       5 |       0 |   0.0
            +---------+---------+-------+---------+---------+-------

Illustrated notes

Table legend:
 A = Kills in this place as a percentage of kills in entire the game.
 B = Kills by you in this place as a percentage of kills by you in the entire game.
 C = Kills by friends in this place as a percentage of kills by friends in the entire game.
 D = Other kills in this place as a percentage of other kills in the entire game.
 E = Experience gained in this place as a percentage of experience gained in the entire game.
 F = Experience gained in this place divided by the number of levels of this place that you have seen.
                   A       B       C       D       E      F
               +-------+-------+-------+-------+-------+----------------------
         Total | 100.0 | 100.0 |   N/A |   N/A | 100.0 |  53.0
       Dungeon | 100.0 | 100.0 |   N/A |   N/A | 100.0 |  53.0
               +-------+-------+-------+-------+-------+----------------------

Table legend: (Time is in decaauts)
 A = Elapsed time spent in this place.
 B = Non-inter-level travel time spent in this place.
 C = Inter-level travel time spent in this place.
 D = Time resting spent in this place.
 E = Time spent auto-exploring this place.
 F = Levels seen in this place.
 G = Mean time per level.
                   A        B        C        D        E       F      G
               +--------+--------+--------+--------+--------+-----+--------+
         Total |   1574 |   1534 |     40 |     28 |   1189 |   3 |  524.7 |
       Dungeon |   1574 |   1534 |     40 |     28 |   1189 |   3 |  524.7 |
               +--------+--------+--------+--------+--------+-----+--------+

Top non-repeatable levels by time:
     D:2: 819 daAuts
     D:1: 626 daAuts
     D:3: 128 daAuts
